 Dungeon Crawl Stone Soup version 0.31.0-11-ge490571c62 (webtiles) character file.

Game seed: 7565591858450834576

1924 Marvel the Cleaver (level 9, -17/78 HPs)
             Began as a Hill Orc Fighter on Feb 9, 2024.
             Was a Believer of Makhleb.
             Demolished by a two-headed ogre
             ... wielding a +0 giant spiked club
              (37 damage)
             ... on level 7 of the Dungeon.
             The game lasted 00:10:44 (5873 turns).

Marvel the Cleaver (Hill Orc Fighter)               Turns: 5873, Time: 00:10:45

Health: -17/78     AC: 12    Str: 22    XL:     9   Next: 17%
Magic:  9/9        EV: 10    Int: 12    God:    Makhleb [**....]
Gold:   381        SH:  4    Dex:  9    Spells: 8/8 levels left

rFire   . . .        a - +0 war axe (chaos)
rCold   . . .        c - +0 buckler
rNeg    . . .        b - +0 scale mail
rPois   .            A - +0 hat
rElec   .            (no cloak)
rCorr   .            (no gloves)
SInv    .            k - +0 pair of boots
Will    +....        j - amulet of the acrobat Stlth
                     y - +4 ring of protection
HPRegen 0.33/turn    (no ring)
MPRegen 0.11/turn

%: acrobat
@: unable to drink
A: clever 1, strong-willed 1, wild magic 1, inability to drink after injury 1
a: Renounce Religion, Minor Destruction


You were on level 7 of the Dungeon.
You worshipped Makhleb.
Makhleb was pleased with you.
You visited 1 branch of the dungeon, and saw 7 of its levels.

You collected 381 gold pieces.

Inventory:

Hand Weapons
 a - a +0 war axe of chaos (weapon)
 s - a +0 battleaxe
Missiles
 l - 2 poisoned darts (quivered)
Armour
 b - a +0 scale mail (worn)
 c - a +0 buckler (worn)
 k - a +0 pair of boots (worn)
 A - a +0 hat (worn)
Jewellery
 j - an amulet of the acrobat (around neck)
 y - a +4 ring of protection (left hand)
Wands
 v - a wand of acid (8)
 B - a wand of mindburst (11)
Scrolls
 e - a scroll of revelation
 f - a scroll of teleportation
 h - 2 scrolls of poison
 m - a scroll of noise {unknown}
 q - 6 scrolls of identify
Potions
 d - a potion of might
 g - 2 potions of curing {unknown}
 i - a potion of heal wounds {unknown}
 n - 2 potions of ambrosia {unknown}
 o - a potion of enlightenment {unknown}
 p - 2 potions of degeneration {unknown}
 t - a potion of berserk rage {unknown}
 u - 2 potions of lignification {unknown}


   Skills:
 + Level 6.6 Fighting
 + Level 10.4 Axes
 + Level 2.5 Throwing
 + Level 6.1 Armour
 + Level 1.5 Dodging
 + Level 1.3 Stealth
 + Level 5.2 Shields


You had 8 spell levels left.
You didn't know any spells.
Your spell library contained the following spells:

 Spells                   Type           Power      Damage    Failure   Level
 Magic Dart               Conj           0%         1d3       75%         1
 Ensorcelled Hibernation  Hex/Ice        0%         N/A       87%         2
 Searing Ray              Conj           0%         2d4       87%         2
 Dazzling Flash           Conj/Hex       0%         N/A       98%         3
 Fugue of the Fallen      Necr           0%         N/A       98%         3
 Ozocubu's Armour         Ice            0%         N/A       98%         3
 Passwall                 Erth           0%         N/A       98%         3
 Swiftness                Air            0%         N/A       98%         3
 Volatile Blastmotes      Fire/Tloc      0%         2d10      98%         3
 Fulminant Prism          Conj/Alch      0%         3d5       100%        4
 Manifold Assault         Tloc           0%         N/A       100%        4
 Starburst                Conj/Fire      0%         6d3       100%        6
 Maxwell's Capacitive Co  Air            0%         ∞         100%        8


Dungeon Overview and Level Annotations

Branches:
Dungeon (7/15)
 Temple: D:4-7

Altars:
Elyvilon
Makhleb
Ru
Sif Muna
Uskayaw
Yredelemnul
The Shining One

Shops:
D:4 (   D:6 *

Annotations:
D:5 1 runed translucent door


Innate Abilities, Weirdness & Mutations

Your mind is acute. (Int +4, Str/Dex -1)
You are strong-willed. (Will+)
Your spells are a little harder to cast, but a little more powerful.
You occasionally lose the ability to drink potions when taking damage.


Message History

The two-headed ogre looks even sicker.
Throw: 5 darts (poison)
Press: ? - help, Q - select action, (/) - cycle Shift-Dir - straight line, f/p - two-headed ogre
Aim: a two-headed ogre, wielding two +0 giant spiked clubs (very poisoned, 72% to hit)
You throw a poisoned dart.
The poisoned dart hits the two-headed ogre!
The two-headed ogre looks as sick as possible!
Throw: 4 darts (poison)
Press: ? - help, Q - select action, (/) - cycle Shift-Dir - straight line, f/p - two-headed ogre
Aim: a two-headed ogre, wielding two +0 giant spiked clubs (lightly wounded, very poisoned, 72% to hit)
You throw a poisoned dart.
The poisoned dart hits the two-headed ogre.
The two-headed ogre is lightly wounded.
Throw: 3 darts (poison)
Press: ? - help, Q - select action, (/) - cycle Shift-Dir - straight line, f/p - two-headed ogre
Aim: a two-headed ogre, wielding two +0 giant spiked clubs (lightly wounded, very poisoned, 72% to hit)
You throw a poisoned dart.
The poisoned dart barely misses the two-headed ogre.
You barely miss the two-headed ogre.
The two-headed ogre is lightly wounded.
The two-headed ogre barely misses you. You block the two-headed ogre's attack.
You hit the two-headed ogre but do no damage.
The two-headed ogre seems to speed up.
The two-headed ogre is lightly wounded.
The two-headed ogre completely misses you.
The two-headed ogre hits you with a +0 giant spiked club!
You feel threatened and lose the ability to drink potions!
You hit the two-headed ogre but do no damage.
The two-headed ogre seems to grow stronger.
The two-headed ogre is moderately wounded.
The two-headed ogre misses you. The two-headed ogre barely misses you.
You hit the two-headed ogre. You burn the two-headed ogre.
The two-headed ogre is moderately wounded.
The two-headed ogre hits you with a +0 giant spiked club!! x2
* * * LOW HITPOINT WARNING * * *
You hit the two-headed ogre but do no damage.
The your war axe of chaos misses the two-headed ogre.
The two-headed ogre is moderately wounded.
The two-headed ogre hits you with a +0 giant spiked club!!!
You die...

#(.... #(#...
#(##.# ##### #
#.##.# #...####
#.##.######.......
#(............##<)
#..#.##########...
###.###O.#.# ##..
.......@...# ##.
.8..###..### #. ⌠.
#..# #. #..# ##
#... ####. . .


You could see a two-headed ogre (fast, strong, very poisoned).

Vanquished Creatures
  The ghost of CapUranus the Chopper, a novice VSFi of Gozag (D:5)
  Grinder (D:4)
  A sky beast (D:6)
  A black bear (D:6)
  A centaur (D:6)
  2 bullfrogs (D:6)
  2 scorpions
  7 wights
  2 bombardier beetles (D:5)
  A jelly (D:5)
  2 orc priests (D:3)
  A hound (D:6)
  An iguana (D:4)
  2 gnoll boudas
  17 gnolls
  10 adders
  A river rat (D:5)
  A white imp (D:6)
  2 ufetubi (D:6)
  A ribbon worm (D:5)
  9 orcs
  12 endoplasms
  4 giant cockroaches
  9 goblins
  7 hobgoblins
  10 jackals
  A kobold (D:1)
  3 quokkas
  3 ball pythons
  7 bats
  A frilled lizard (D:1)
  9 rats
132 creatures vanquished.

Notes
Turn   | Place    | Note
-------+----------+-------------------------------------------
     0 | D:1      | Marvel the Hill Orc Fighter began the quest for the Orb.
     0 | D:1      | Reached XP level 1. HP: 19/19 MP: 1/1
   155 | D:1      | Reached XP level 2. HP: 27/27 MP: 2/2
   182 | D:1      | Reached skill level 3 in Axes
   465 | D:1      | Reached XP level 3. HP: 33/33 MP: 3/3
  1261 | D:2      | Reached skill level 4 in Axes
  1261 | D:2      | Reached XP level 4. HP: 38/40 MP: 4/4
  1829 | D:3      | Found a burning altar of Makhleb.
  1836 | D:3      | Became a worshipper of Makhleb the Destroyer
  2049 | D:3      | Found a glowing golden altar of the Shining One.
  2101 | D:3      | Found a basalt altar of Yredelemnul.
  2306 | D:3      | Reached XP level 5. HP: 20/47 MP: 5/5
  2309 | D:3      | Reached skill level 5 in Axes
  2784 | D:4      | Noticed a +0 falchion
  2787 | D:4      | Noticed a +0 short sword
  2788 | D:4      | Noticed a +0 falchion
  2788 | D:4      | Noticed a +0 spear
  2788 | D:4      | Noticed a +0 short sword
  2789 | D:4      | Noticed a +0 spear
  2789 | D:4      | Noticed a +0 dagger
  2791 | D:4      | Noticed a +0 dagger
  2796 | D:4      | Found a hide-covered altar of Uskayaw.
  2806 | D:4      | Found Abbyryll's Antique Weapon Shop.
  2849 | D:4      | Found a shimmering blue altar of Sif Muna.
  3185 | D:4      | Reached XP level 6. HP: 51/53 MP: 6/6
  3246 | D:4      | Reached * piety under Makhleb
  3677 | D:4      | Noticed Grinder
  3687 | D:4      | Paralysed by Grinder for 5 turns
  3696 | D:4      | Paralysed by Grinder for 3 turns
  3707 | D:4      | Killed Grinder
  3708 | D:4      | Reached skill level 6 in Axes
  3708 | D:4      | Reached XP level 7. HP: 26/60 MP: 7/7
  3963 | D:5      | Entered Level 5 of the Dungeon
  3983 | D:5      | Reached skill level 5 in Fighting
  3983 | D:5      | Reached skill level 7 in Axes
  4016 | D:5      | Reached skill level 1 in Throwing
  4205 | D:5      | Reached skill level 1 in Dodging
  4225 | D:5      | Reached skill level 1 in Stealth
  4320 | D:5      | Found a sacrificial altar of Ru.
  4381 | D:5      | Found a white marble altar of Elyvilon.
  4598 | D:5      | Found a runed translucent door.
  4612 | D:5      | Identified the +0 great sword of the Hurtling Boar {freeze,
                  | rCorr MP+9 Int+4}
  4615 | D:5      | Found a runed translucent door.
  4616 | D:5      | Noticed CapUranus's ghost (novice VSFi)
  4659 | D:5      | Killed CapUranus's ghost
  4660 | D:5      | Reached skill level 8 in Axes
  4660 | D:5      | Reached skill level 5 in Armour
  4660 | D:5      | Reached XP level 8. HP: 25/69 MP: 8/8
  4857 | D:6      | Reached skill level 9 in Axes
  4939 | D:6      | Reached ** piety under Makhleb
  4974 | D:6      | Identified the +0 robe of Zoeneoci {rCorr Str-2 Int+4 SInv}
  5091 | D:6      | Gained mutation: You do not regenerate when monsters are
                  | visible. [potion of mutation]
  5091 | D:6      | Gained mutation: Your health recovers twice as slowly from
                  | being drained. [potion of mutation]
  5091 | D:6      | Gained mutation: You are strong-willed. (Will+) [potion of
                  | mutation]
  5091 | D:6      | Gained mutation: Your mind is acute. (Int +4, Str/Dex -1)
                  | [potion of mutation]
  5092 | D:6      | Lost mutation: Your health recovers twice as slowly from
                  | being drained. [potion of mutation]
  5092 | D:6      | Lost mutation: You do not regenerate when monsters are
                  | visible. [potion of mutation]
  5092 | D:6      | Gained mutation: You occasionally lose the ability to drink
                  | potions when taking damage. [potion of mutation]
  5092 | D:6      | Gained mutation: Your spells are a little harder to cast,
                  | but a little more powerful. [potion of mutation]
  5203 | D:6      | Found Vixziuwno's Gadget Gallery.
  5262 | D:6      | Reached skill level 10 in Axes
  5685 | D:6      | Reached XP level 9. HP: 77/77 MP: 9/9
  5712 | D:6      | Reached skill level 5 in Shields
  5859 | D:7      | Noticed a two-headed ogre
  5873 | D:7      | Demolished by a two-headed ogre

Illustrated notes

Levels and vault maps discovered:
D:1:      lightli_arrival_chessboard, layout_basic, st_stairs_6
D:2:      layout_loops_ring, kennysheep_small_spiral, serial_park_tiny_1
D:3:      layout_loops_corners, mainiacjoe_overflow_tiny_flanked,
          mainiacjoe_overflow_concentric_impassable, amcnicky_altar_gilded,
          hangedman_decor_slide_cut
D:4:      layout_cave_pods, nicolae_uskayaw_en_pointe, lemuel_tele_altar,
          serial_shops, shop, uniq_grinder
D:5:      layout_rooms, nicolae_ru_awakened_eye, elyvilon_altar_1,
          ebering_ghost_sewer_f
D:6:      layout_loops_ring, nicolae_shop_gadgets
D:7:      layout_loops_ring, mainiacjoe_overflow_six_doors_small,
          minmay_temple_entry_statues_fountains, serial_shops,
          nicolae_shop_tiny_glass, shop, nicolae_shop_real_fake_doors

Skill      XL: |  1  2  3  4  5  6  7  8  9 |
---------------+----------------------------+-----
Axes           | 3 4 5 6 8 10 | 10.4
Fighting       | 4 5 6 |  6.6
Shields        | 4 5 |  5.2
Armour         | 4 5 6 |  6.1
Throwing       | 2 |  2.5
Dodging        | 1 |  1.5
Stealth        | 1 |  1.3

Action                     |  1- 3 |  4- 6 |  7- 9 || total
---------------------------+-------+-------+-------++-------
  Melee: War axe           |   128 |   140 |   192 ||   460
  Throw: Dart              |       |    11 |    25 ||    36
    Use: Scroll            |       |       |     9 ||     9
         Potion            |       |       |     2 ||     2
 Armour: Scale mail        |    78 |    87 |   134 ||   299
  Dodge: Dodged            |    81 |    56 |   108 ||   245
  Block: Buckler           |    39 |    25 |    40 ||   104
